PA
WASHINGTON GENERALS @ ATHLETIC CLUB KC U-21
06/21/2025
 
TOP OF THE 1ST
Washington Generals batting - Pitching for Athletic Club KC U-21 : RHP Sook Sung-Man
Pitching: RHP Sook Sung-Man
Batting: SHB Dennis Barraclough 0-0: Ball
1-0: Ball
2-0: Ball
3-0: Called Strike
3-1: Foul Ball, location: 2F
3-2: Fly out, F8 (Flyball, 8RS)
Batting: RHB Raúl García 0-0: Called Strike
0-1: Called Strike
0-2: Ball
1-2: Ball
2-2: Ground out 4-3 (Groundball, 34)
Batting: SHB Enrique Costello 0-0: Ball
1-0: Ball
2-0: Ball
3-0: Called Strike
3-1: Swinging Strike
3-2: Foul Ball, location: 2F
3-2: SINGLE (Flyball, 6MD)
Batting: RHB Britt Lynch 0-0: Called Strike
0-1: Foul Ball, location: 2F
0-2: Ball
1-2: Ball
2-2: Fly out, F8 (Flyball, 8RM)
Top of the 1st over - 0 run(s), 1 hit(s), 0 error(s), 1 left on base; Washington 0 - Athletic Club KC 0
BOTTOM OF THE 1ST
Athletic Club KC U-21 batting - Pitching for Washington Generals : RHP Baruc Garibay
Pitching: RHP Baruc Garibay
Batting: RHB Jesús Vargas 0-0: Ball
1-0: Foul Ball, location: 2F
1-1: Ball
2-1: Foul Ball, location: 2F
2-2: Ball
3-2: SINGLE (Line Drive, 34)
Batting: RHB Fernando Rodríguez 0-0: Foul Ball, location: 2F
0-1: Ball
Wild Pitch!
Jesús Vargas to second
1-1: Ground out U3 (Groundball, 3)
Jesús Vargas to third
Batting: LHB Arturo Sosa 0-0: Foul Ball, location: 2F
0-1: Ball
1-1: Ball
2-1: SINGLE (Groundball, 56) (infield hit)
Jesús Vargas scores
Batting: RHB Pedro Solís 0-0: Fly out, F9 (Flyball, 89S)
Batting: RHB Andrés Medina 0-0: SINGLE (Groundball, 6) (infield hit)
Arturo Sosa to second
Batting: LHB Héctor Barrios 0-0: Ball
1-0: Fly out, F7 (Flyball, 7LSF)
Bottom of the 1st over - 1 run(s), 3 hit(s), 0 error(s), 2 left on base; Washington 0 - Athletic Club KC 1
TOP OF THE 2ND
Washington Generals batting - Pitching for Athletic Club KC U-21 : RHP Sook Sung-Man
Batting: RHB Gustavo González 0-0: Ball
1-0: Ball
2-0: Ball
3-0: Called Strike
3-1: SINGLE (Groundball, 56D)
Batting: RHB Roberto Aguirre 0-0: Ball
1-0: Foul Ball, location: 2F
1-1: Fielders Choice at 2nd, 5-4 (Groundball, 5)
Now at 2B: Javier Bautista
Batting: RHB Mike Isley 0-0: Ball
1-0: Swinging Strike
1-1: Ball
2-1: Called Strike
2-2: Foul Ball, location: 2F
2-2: SINGLE (Groundball, 4MD)
Roberto Aguirre to second
Batting: RHB Ángel Castro 0-0: Ball
1-0: SINGLE (Groundball, 4MD)
Roberto Aguirre to third
Mike Isley to second
Runner from 3rd tries for Home, SAFE, throw made home
Batting: RHB Eduardo Frantz 0-0: Ball
1-0: Swinging Strike
1-1: Called Strike
1-2: Foul Ball, location: 2F
1-2: Ball
2-2: Foul Ball, location: 2F
2-2: Fly out, F6 (Line Drive, 6M)
Batting: SHB Dennis Barraclough 0-0: Ball
1-0: Foul Ball, location: 2F
1-1: Ball
2-1: Foul Ball, location: 2F
2-2: Ground out U3 (Groundball, 3)
Top of the 2nd over - 1 run(s), 3 hit(s), 0 error(s), 2 left on base; Washington 1 - Athletic Club KC 1
BOTTOM OF THE 2ND
Athletic Club KC U-21 batting - Pitching for Washington Generals : RHP Baruc Garibay
Batting: RHB Devin Ferris 0-0: Swinging Strike
0-1: Ball
1-1: Fly out, F8 (Flyball, 8LS)
Batting: RHB Dani Reyes 0-0: Ball
1-0: Ground out 5-3 (Groundball, 56)
Batting: SHB Gerald Merendino 0-0: Ball
1-0: Ball
2-0: Ground out U3 (Groundball, 3S)
Bottom of the 2nd over - 0 run(s), 0 hit(s), 0 error(s), 0 left on base; Washington 1 - Athletic Club KC 1
TOP OF THE 3RD
Washington Generals batting - Pitching for Athletic Club KC U-21 : RHP Sook Sung-Man
Batting: RHB Raúl García 0-0: Ball
1-0: Ground out 5-3 (Groundball, 56)
Batting: SHB Enrique Costello 0-0: Ball
1-0: Ball
2-0: Fly out, F7 (Flyball, 7LS)
Batting: RHB Britt Lynch 0-0: Called Strike
0-1: Called Strike
0-2: Ball
1-2: Ball
2-2: Ball
3-2: Ground out 1-3 (Groundball, 13)
Top of the 3rd over - 0 run(s), 0 hit(s), 0 error(s), 0 left on base; Washington 1 - Athletic Club KC 1
BOTTOM OF THE 3RD
Athletic Club KC U-21 batting - Pitching for Washington Generals : RHP Baruc Garibay
Batting: RHB Jesús Vargas 0-0: Called Strike
0-1: Foul Ball, location: 2F
0-2: Strikes out swinging
Batting: RHB Fernando Rodríguez 0-0: SINGLE (Flyball, 8RS)
Batting: LHB Arturo Sosa 0-0: Called Strike
0-1: Called Strike
0-2: SINGLE (Line Drive, 4MD)
Fernando Rodríguez to second
Batting: RHB Pedro Solís 0-0: Foul Ball, location: 2F
0-1: Foul Ball, location: 2F
0-2: Ball
1-2: Ball
2-2: Strikes out looking
Batting: RHB Andrés Medina 0-0: Ball
1-0: Ball
Wild Pitch!
Fernando Rodríguez to third
Arturo Sosa to second
2-0: Ball
3-0: Called Strike
3-1: Base on Balls
Batting: RHB Javier Bautista 0-0: Fly out, F9 (Flyball, 9)
Bottom of the 3rd over - 0 run(s), 2 hit(s), 0 error(s), 3 left on base; Washington 1 - Athletic Club KC 1
TOP OF THE 4TH
Washington Generals batting - Pitching for Athletic Club KC U-21 : RHP Sook Sung-Man
Batting: RHB Gustavo González 0-0: Foul Ball, location: 2F
0-1: Ball
1-1: Ball
2-1: Ground out 5-3 (Groundball, 56S)
Batting: RHB Roberto Aguirre 0-0: Ball
1-0: Swinging Strike
1-1: Ball
2-1: Ground out 5-3 (Groundball, 56)
Batting: RHB Mike Isley 0-0: Called Strike
0-1: Ball
1-1: SINGLE (Popup, 56D)
Batting: RHB Ángel Castro 0-0: Fielders Choice at 2nd, 4-6 (Groundball, 4)
Top of the 4th over - 0 run(s), 1 hit(s), 0 error(s), 0 left on base; Washington 1 - Athletic Club KC 1
BOTTOM OF THE 4TH
Athletic Club KC U-21 batting - Pitching for Washington Generals : RHP Baruc Garibay
Batting: RHB Devin Ferris 0-0: Ball
1-0: Called Strike
1-1: SINGLE (Groundball, 6MD)
Batting: RHB Dani Reyes 0-0: Ball
1-0: Swinging Strike
1-1: Foul Ball, location: 2F
1-2: Strikes out looking
Batting: SHB Gerald Merendino 0-0: Called Strike
0-1: Foul Ball, location: 2F
0-2: Ball
1-2: Ball
2-2: Fly out, F7 (Flyball, 7LS)
Batting: RHB Jesús Vargas 0-0: Ball
1-0: Called Strike
1-1: Foul Ball, location: 2F
1-2: Strikes out swinging
Bottom of the 4th over - 0 run(s), 1 hit(s), 0 error(s), 1 left on base; Washington 1 - Athletic Club KC 1
TOP OF THE 5TH
Washington Generals batting - Pitching for Athletic Club KC U-21 : RHP Sook Sung-Man
Batting: RHB Eduardo Frantz 0-0: Ball
1-0: Ball
2-0: Ball
3-0: Base on Balls
Batting: SHB Dennis Barraclough 0-0: Fly out, F8 (Flyball, 8RM)
Batting: RHB Raúl García 0-0: Ball
1-0: Ball
2-0: Ball
3-0: Called Strike
3-1: Base on Balls
Eduardo Frantz to second
Batting: SHB Enrique Costello 0-0: Called Strike
0-1: Ball
1-1: Fly out, F6 (Line Drive, 6)
Pitching: RHP Carlos Aguilar
Batting: RHB Britt Lynch 0-0: Foul Ball, location: 2F
0-1: Ball
1-1: Foul Ball, location: 2F
1-2: Ball
2-2: Strikes out swinging
Top of the 5th over - 0 run(s), 0 hit(s), 0 error(s), 2 left on base; Washington 1 - Athletic Club KC 1
BOTTOM OF THE 5TH
Athletic Club KC U-21 batting - Pitching for Washington Generals : RHP Baruc Garibay
Batting: RHB Fernando Rodríguez 0-0: Foul Ball, location: 2F
0-1: Ground out 1-3 (Groundball, 15S)
Batting: LHB Arturo Sosa 0-0: Ball
1-0: Fly out, F8 (Flyball, 8LM)
Batting: RHB Pedro Solís 0-0: Ball
1-0: Foul Ball, location: 2F
1-1: Ball
2-1: Ball
3-1: Foul Ball, location: 2F
3-2: Base on Balls
Batting: RHB Andrés Medina 0-0: Ball
1-0: Called Strike
1-1: Swinging Strike
1-2: Strikes out looking
Bottom of the 5th over - 0 run(s), 0 hit(s), 0 error(s), 1 left on base; Washington 1 - Athletic Club KC 1
TOP OF THE 6TH
Washington Generals batting - Pitching for Athletic Club KC U-21 : RHP Carlos Aguilar
Batting: RHB Gustavo González 0-0: Ball
1-0: Ball
2-0: Fly out, F7 (Flyball, 7)
Batting: RHB Roberto Aguirre 0-0: Called Strike
0-1: Ball
1-1: Foul Ball, location: 2F
1-2: Ball
2-2: Ball
3-2: Base on Balls
Batting: RHB Mike Isley 0-0: Foul Ball, location: 2F
0-1: Foul Ball, location: 2F
0-2: Ball
1-2: Ground out 5-3 (Groundball, 56S)
Roberto Aguirre to second
Batting: RHB Ángel Castro 0-0: Foul Ball, location: 2F
0-1: Ground out 4-3 (Groundball, 4)
Top of the 6th over - 0 run(s), 0 hit(s), 0 error(s), 1 left on base; Washington 1 - Athletic Club KC 1
BOTTOM OF THE 6TH
Athletic Club KC U-21 batting - Pitching for Washington Generals : RHP Baruc Garibay
Batting: RHB Javier Bautista 0-0: Ground out 5-3 (Groundball, 5)
Batting: RHB Devin Ferris 0-0: Ball
1-0: Ball
2-0: Ball
3-0: Base on Balls
Batting: RHB Dani Reyes 0-0: Called Strike
0-1: Fly out, F9 (Flyball, 9S)
Batting: SHB Gerald Merendino 0-0: Called Strike
0-1: SINGLE (Groundball, 6M) (infield hit)
Devin Ferris to second
Batting: RHB Jesús Vargas 0-0: Ground out 1-3 (Groundball, 15S)
Bottom of the 6th over - 0 run(s), 1 hit(s), 0 error(s), 2 left on base; Washington 1 - Athletic Club KC 1
TOP OF THE 7TH
Washington Generals batting - Pitching for Athletic Club KC U-21 : RHP Carlos Aguilar
Batting: RHB Eduardo Frantz 0-0: Ball
1-0: SINGLE (Groundball, 34D)
Batting: SHB Dennis Barraclough 0-0: Ball
1-0: Ball
2-0: Ball
3-0: Base on Balls
Eduardo Frantz to second
Pinch Runner at 2nd Jim Unknown:
Batting: RHB Raúl García 0-0: Sac Bunt - play at first, batter OUT! 1-4
Jim Unknown to third
Dennis Barraclough to second
Batting: SHB Enrique Costello 0-0: Ball
1-0: Foul Ball, location: 2F
1-1: Foul Ball, location: 2F
1-2: SINGLE (Flyball, 8LS)
Jim Unknown scores
Dennis Barraclough to third
Runner from 3rd tries for Home, SAFE, throw made home
Batting: RHB Britt Lynch 0-0: Ball
1-0: Ball
2-0: SINGLE (Groundball, 56D)
Enrique Costello to second
Batting: RHB Gustavo González 0-0: Ball
1-0: Called Strike
1-1: Ball
2-1: Foul Ball, location: 2F
2-2: Fly out, F6 (Line Drive, 6M)
Batting: RHB Roberto Aguirre 0-0: SINGLE (Line Drive, 89S)
Enrique Costello to third
Britt Lynch to second
Runner from 3rd tries for Home, SAFE, throw made at trailing runner, OUT at third!
Top of the 7th over - 3 run(s), 4 hit(s), 0 error(s), 1 left on base; Washington 4 - Athletic Club KC 1
BOTTOM OF THE 7TH
Athletic Club KC U-21 batting - Pitching for Washington Generals : RHP Baruc Garibay
Batting: RHB Fernando Rodríguez 0-0: Called Strike
0-1: Foul Ball, location: 2F
0-2: Strikes out swinging
Batting: LHB Arturo Sosa 0-0: Ground out 5-3 (Groundball, 56)
Batting: RHB Pedro Solís 0-0: Called Strike
0-1: Ball
1-1: Called Strike
1-2: Strikes out looking
Bottom of the 7th over - 0 run(s), 0 hit(s), 0 error(s), 0 left on base; Washington 4 - Athletic Club KC 1
TOP OF THE 8TH
Washington Generals batting - Pitching for Athletic Club KC U-21 : RHP Carlos Aguilar
Pitching: RHP Rubén Rivera
Batting: RHB Mike Isley 0-0: Ball
1-0: Foul Ball, location: 2F
1-1: Foul Ball, location: 2F
1-2: Strikes out swinging
Batting: RHB Ángel Castro 0-0: Called Strike
0-1: Swinging Strike
0-2: Foul Ball, location: 2F
0-2: Strikes out swinging
Batting: LHB Jim Unknown 0-0: Called Strike
0-1: Foul Ball, location: 2F
0-2: Foul Ball, location: 2F
0-2: Ball
1-2: Foul Ball, location: 2F
1-2: Strikes out swinging
Top of the 8th over - 0 run(s), 0 hit(s), 0 error(s), 0 left on base; Washington 4 - Athletic Club KC 1
BOTTOM OF THE 8TH
Athletic Club KC U-21 batting - Pitching for Washington Generals : RHP Baruc Garibay
Batting: RHB Andrés Medina 0-0: DOUBLE (Groundball, 5L)
Batting: RHB Javier Bautista 0-0: Called Strike
0-1: Swinging Strike
0-2: Ball
1-2: Ground out 6-3 (Groundball, 6)
Batting: RHB Devin Ferris 0-0: Ball
1-0: Fly out, F6 (Popup, 6MD)
Batting: RHB Dani Reyes 0-0: Called Strike
0-1: Ball
1-1: Foul Ball, location: 2F
1-2: Foul Ball, location: 2F
1-2: Strikes out looking
Bottom of the 8th over - 0 run(s), 1 hit(s), 0 error(s), 1 left on base; Washington 4 - Athletic Club KC 1
TOP OF THE 9TH
Washington Generals batting - Pitching for Athletic Club KC U-21 : RHP Rubén Rivera
Pitching: RHP Ramón Márquez
Batting: SHB Dennis Barraclough 0-0: Called Strike
0-1: Ball
1-1: Swinging Strike
1-2: Foul Ball, location: 2F
1-2: Ball
2-2: Strikes out swinging
Batting: RHB Raúl García 0-0: Ball
1-0: Called Strike
1-1: Ball
2-1: Fly out, F9 (Flyball, 9S)
Batting: SHB Enrique Costello 0-0: Ball
1-0: Swinging Strike
1-1: Ball
2-1: Ground out 1-3 (Groundball, 13S)
Top of the 9th over - 0 run(s), 0 hit(s), 0 error(s), 0 left on base; Washington 4 - Athletic Club KC 1
BOTTOM OF THE 9TH
Athletic Club KC U-21 batting - Pitching for Washington Generals : RHP Baruc Garibay
Pitching: LHP Jesús Salazar
Batting: SHB Gerald Merendino 0-0: Called Strike
0-1: Called Strike
0-2: Ball
1-2: Foul Ball, location: 2F
1-2: Strikes out swinging
Batting: RHB Jesús Vargas 0-0: Called Strike
0-1: Called Strike
0-2: Foul Ball, location: 2F
0-2: Ground out 6-3 (Groundball, 6MD)
Batting: RHB Fernando Rodríguez 0-0: Foul Ball, location: 2F
0-1: Ball
1-1: Ball
2-1: Ball
3-1: Called Strike
3-2: Strikes out swinging
Bottom of the 9th over - 0 run(s), 0 hit(s), 0 error(s), 0 left on base; Washington 4 - Athletic Club KC 1
Friday, December 30th, 2016 - OOTP Baseball 17.12 Build 75